 Dungeon Crawl Stone Soup version 0.31.0-11-ge490571c62 (webtiles) character file.

Game seed: 7229573317835530801

460 Arcadio the Digger (level 7, 0/36 HPs)
             Began as a Gargoyle Earth Elementalist on Jan 28, 2024.
             Was an Initiate of Dithmenos.
             Incinerated by a bombardier beetle (2 damage)
             ... with a burning spray
             ... on level 4 of the Dungeon.
             The game lasted 00:06:48 (3686 turns).

Arcadio the Digger (Gargoyle Earth Elementalist)    Turns: 3686, Time: 00:06:49

Health: 0/36       AC:  9    Str: 12    XL:     7   Next: 7%
Magic:  6/13       EV: 11    Int: 17    God:    Dithmenos [......]
Gold:   176        SH:  0    Dex: 10    Spells: 10/14 levels left

rFire   + . .        o - +0 hammer
rCold   + . .        (no shield)
rNeg    + . .        a - +0 robe
rPois   ∞            i - +0 helmet
rElec   +            b - +0 cloak
rCorr   +            (no gloves)
SInv    .            (no boots)
Will    .....        (no amulet)
Stlth   +            (no ring)
HPRegen 0.26/turn    (no ring)
MPRegen 0.13/turn

%: no passive effects
@: on fire, resistant, glowing
A: sickness immunity, AC +4, negative energy resistance 1, electricity
resistance, torment resistance 1, petrification resistance
a: Renounce Religion


You were on level 4 of the Dungeon.
You worshipped Dithmenos.
Dithmenos was noncommittal.
You visited 1 branch of the dungeon, and saw 4 of its levels.

You collected 176 gold pieces.

Inventory:

Hand Weapons
 c - a +0 short sword
 o - a +0 hammer (weapon)
Armour
 a - a +0 robe (worn)
 b - a +0 cloak (worn)
 g - a +0 leather armour
 i - a +0 helmet (worn)
 m - a +0 ring mail
Scrolls
 d - 2 scrolls of enchant armour
 f - 2 scrolls of blinking
 j - a scroll of summoning {unknown}
 p - a scroll of noise {unknown}
Potions
 e - 2 potions of brilliance
 h - a potion of enlightenment {unknown}
 k - a potion of resistance
 n - a potion of curing {unknown}


   Skills:
 + Level 4.3 Armour
 - Level 1.5 Dodging
 - Level 2.1 Stealth
 + Level 4.1 Spellcasting
 - Level 1.1 Conjurations
 + Level 6.0 Earth Magic


You had 10 spell levels left.
You knew the following spells:

 Your Spells              Type           Power      Damage    Failure   Level
a - Sandblast             Erth           48%        2d12      1%          1
b - Stone Arrow           Conj/Erth      30%        3d8       11%         3

Your spell library contained the following spells:

 Spells                   Type           Power      Damage    Failure   Level
 Passwall                 Erth           24%        N/A       3%          3
 Brom's Barrelling Bould  Conj/Erth      15%        2d4       34%         4
 Dazzling Flash           Conj/Hex       10%        N/A       36%         3
 Petrify                  Alch/Erth      13%        N/A       41%         4
 Fugue of the Fallen      Necr           3%         N/A       43%         3
 Ozocubu's Armour         Ice            3%         N/A       43%         3
 Volatile Blastmotes      Fire/Tloc      6%         2d10      43%         3
 Fulminant Prism          Conj/Alch      2%         3d5       77%         4
 Iskenderun's Mystic Bla  Conj/Tloc      5%         2d3       77%         4
 Manifold Assault         Tloc           3%         N/A       83%         4
 Starburst                Conj/Fire      2%         6d3       100%        6
 Maxwell's Capacitive Co  Air            1%         ∞         100%        8


Dungeon Overview and Level Annotations

Branches:
Dungeon (4/15)
 Temple: D:4-7

Altars:
Ashenzari
Dithmenos
Fedhas
Qazlal
Sif Muna
Uskayaw
Wu Jian
Yredelemnul
Zin


Innate Abilities, Weirdness & Mutations

You are immune to sickness and miasma.
Your stone body is resilient. (AC +4)
You are immune to poison.
You resist negative energy. (rN+)
You are resistant to electric shocks. (rElec)
You are resistant to unholy torment.
You are immune to petrification.


Message History

Confirm with . or Enter, or press ? or * to list all spells.
Aiming: Sandblast (safe; 1% risk of failure)
Press: ? - help, Shift-Dir - straight line, f/p - bombardier beetle
Aim: a bombardier beetle (severely wounded, 90% to hit)
The blast of sand hits the bombardier beetle.
The bombardier beetle is almost dead.
The liquid fire burns you!
Casting: Sandblast (safe; 1% risk of failure)
Confirm with . or Enter, or press ? or * to list all spells.
Aiming: Sandblast (safe; 1% risk of failure)
Press: ? - help, Shift-Dir - straight line, f/p - bombardier beetle
Aim: a bombardier beetle (almost dead, 90% to hit)
The blast of sand hits the bombardier beetle but does no damage.
The bombardier beetle is almost dead.
The liquid fire burns you!
The bombardier beetle sprays incendiary fluid at you.
The burning spray hits you.
You are even more covered in liquid fire!
Casting: Sandblast (safe; 1% risk of failure)
Confirm with . or Enter, or press ? or * to list all spells.
Aiming: Sandblast (safe; 1% risk of failure)
Press: ? - help, Shift-Dir - straight line, f/p - bombardier beetle
Aim: a bombardier beetle (severely wounded, 90% to hit)
The blast of sand hits the bombardier beetle.
You kill the bombardier beetle!
Dithmenos accepts your kill. The liquid fire burns you!
Your Earth Magic skill increases to level 6!
You have reached level 7!
You shake off some of the fire as you move.
The liquid fire burns you!
You shake off some of the fire as you move.
The liquid fire burns you!
* * * LOW HITPOINT WARNING * * *
You shake off some of the fire as you move.
The liquid fire burns you!
* * * LOW HITPOINT WARNING * * *
You feel protected. The liquid fire burns you!
You die...

###...###. #.....
......(..## .....#
.......... .....#
.........####....#
.......$.........#
#...............#
#.........†.....#
.....#..........#
.... ##...@.....#
... #$....)<.## ..
#......### .
#####..## ##<....#
#.....## ##.####
#.# ...


There were no monsters in sight!

Vanquished Creatures
  A scorpion (D:3)
  A bombardier beetle (D:4)
  2 jellies (D:2)
  Crazy Yiuf (D:2)
  2 orc priests (D:3)
  Terence (D:2)
  4 gnolls (D:3)
  8 adders
  2 dart slugs (D:2)
  2 orcs (D:3)
  13 endoplasms
  7 giant cockroaches
  8 goblins
  2 hobgoblins (D:1)
  12 kobolds
  2 quokkas
  9 ball pythons
  4 bats
  3 frilled lizards
  3 rats
87 creatures vanquished.

Notes
Turn   | Place    | Note
-------+----------+-------------------------------------------
     0 | D:1      | Arcadio the Gargoyle Earth Elementalist began the quest for
                  | the Orb.
     0 | D:1      | Reached XP level 1. HP: 10/10 MP: 3/3
   317 | D:1      | Reached XP level 2. HP: 15/15 MP: 3/5
   376 | D:1      | Reached skill level 1 in Armour
   608 | D:1      | Reached skill level 4 in Earth Magic
   758 | D:1      | Reached XP level 3. HP: 19/19 MP: 2/6
   876 | D:1      | Learned a level 3 spell: Stone Arrow
  1403 | D:2      | Found a broken altar of Ashenzari.
  1403 | D:2      | Found a blossoming altar of Fedhas.
  1403 | D:2      | Found an ornate altar of the Wu Jian Council.
  1403 | D:2      | Found a hide-covered altar of Uskayaw.
  1403 | D:2      | Found a glowing silver altar of Zin.
  1403 | D:2      | Found a basalt altar of Yredelemnul.
  1408 | D:2      | Reached XP level 4. HP: 20/24 MP: 2/8
  1414 | D:2      | Reached XP level 5. HP: 25/28 MP: 0/9
  1717 | D:2      | Reached skill level 5 in Earth Magic
  2324 | D:2      | Noticed Terence
  2337 | D:2      | Killed Terence
  2562 | D:2      | Found a runed translucent door.
  2563 | D:2      | Noticed Crazy Yiuf
  2567 | D:2      | Killed Crazy Yiuf
  2568 | D:2      | Reached XP level 6. HP: 32/32 MP: 7/11
  2785 | D:3      | Found a stormy altar of Qazlal.
  3034 | D:3      | Found a faded altar of an unknown god.
  3092 | D:3      | Found a shadowy altar of Dithmenos.
  3100 | D:3      | Became a worshipper of Dithmenos the Shadowed
  3212 | D:3      | Found a shimmering blue altar of Sif Muna.
  3212 | D:3      | Found a glowing silver altar of Zin.
  3219 | D:3      | Found a hide-covered altar of Uskayaw.
  3683 | D:4      | Reached skill level 6 in Earth Magic
  3683 | D:4      | Reached XP level 7. HP: 14/36 MP: 5/13
  3686 | D:4      | Incinerated by a bombardier beetle

Illustrated notes

Levels and vault maps discovered:
D:1:      shiori_shiawase, layout_basic, serial_bayou, serial_bayou_shore_b,
          serial_bayou_lagoon_a, serial_bayou_shore_a, serial_bayou_pond_b
D:2:      cheibrodos_fertilizer, layout_basic, minmay_snake_closets,
          uniq_terence, uniq_crazy_yiuf_cottage
D:3:      layout_basic, nicolae_uskayaw_suspiria,
          nicolae_dithmenos_shadow_blocks, gammafunk_temple_overflow_pools,
          nicolae_qazlal_eye_of_the_storm,
          shapermc_ecumenical_altar_mp_ritualfount, serial_curves,
          eino_curves_04, eino_curves_02
D:4:      nicolae_cairo_tiling, layout_cave_pools

Skill      XL: |  1  2  3  4  5  6 |
---------------+-------------------+-----
Armour         | 1 2 3 4 |  4.3
Earth Magic    | 4 5 6 |  6.0
Spellcasting   | 3 4 |  4.1
Dodging        | |  1.5
Stealth        | |  2.1
Conjurations   | |  1.1

Action                     |  1- 3 |  4- 6 |  7- 9 || total
---------------------------+-------+-------+-------++-------
  Melee: Short sword       |    31 |    16 |       ||    47
         Punch             |       |     2 |       ||     2
         Mace              |       |    15 |       ||    15
   Cast: Sandblast         |    37 |    75 |       ||   112
         Stone Arrow       |       |     3 |       ||     3
    Use: Potion            |       |     1 |     1 ||     2
         Scroll            |       |     4 |       ||     4
   Stab: Sleeping          |     2 |     1 |       ||     3
 Armour: Robe              |    21 |    33 |       ||    54
  Dodge: Dodged            |    18 |    39 |       ||    57
